 Dungeon Crawl Stone Soup version 0.30-a0-883-g5ad918d77d (webtiles) character file.

Game seed: 1638017543093423653

51 hikkokomori the Ducker (level 3, -2/28 HPs)
             Began as a Merfolk Gladiator on Mar 18, 2023.
             Succumbed to a goblin's poison
             ... on level 1 of the Dungeon.
             The game lasted 00:01:39 (1115 turns).

hikkokomori the Ducker (Merfolk Gladiator)          Turns: 1115, Time: 00:01:39

Health: -2/28      AC:  4    Str: 12 (14) XL:     3   Next: 81%
Magic:  3/3        EV: 13    Int:  4 (7)  God:
Gold:   49         SH:  0    Dex: 16 (17) Spells: 2/2 levels left

rFire   . . .      SeeInvis .    a - +0 long sword
rCold   . . .      Faith    .    (no shield)
rNeg    . . .      Spirit   .    b - +0 leather armour
rPois   .          Reflect  .    c - +0 helmet
rElec   .          Rampage  .    (no cloak)
rCorr   .                        (no gloves)
Will    .....                    (no boots)
Stlth   +                        (no amulet)
HPRegen 0.24/turn                (no ring)
MPRegen 0.08/turn                (no ring)

@: lethally poisoned (-2 -> -16)
A: (nimble swimmer 2), mertail
a: no special abilities


You were on level 1 of the Dungeon.
You visited 1 branch of the dungeon, and saw 2 of its levels.

You collected 49 gold pieces.

Inventory:

Hand Weapons
 a - a +0 long sword (weapon)
Missiles
 d - 2 throwing nets (quivered)
 e - a javelin
Armour
 b - a +0 leather armour (worn)
 c - a +0 helmet (worn)
Jewellery
 l - an amulet of the acrobat
Scrolls
 g - a scroll of noise {unknown}
 h - a scroll of identify {unknown}
 k - a scroll of enchant weapon {unknown}
Potions
 f - a potion of haste {unknown}
 i - a potion of heal wounds {unknown}
 m - a potion of brilliance {unknown}
 n - a potion of might {unknown}


   Skills:
 + Level 2.8 Fighting
 + Level 4.2 Long Blades
 + Level 2.6 Throwing
 + Level 4.6 Dodging


You had 2 spell levels left.
You didn't know any spells.
Your spell library contained the following spells:

 Spells                   Type           Power      Damage    Failure   Level
 Frozen Ramparts          Ice            0%         1d1       91%         3
 Inner Flame              Hex/Fire       0%         N/A       91%         3
 Cause Fear               Hex            0%         N/A       100%        4
 Ice Form                 Ice/Tmut       0%         N/A       100%        4
 Summon Ice Beast         Ice/Summ       0%         N/A       100%        4
 Discord                  Hex            0%         N/A       100%        8


Dungeon Overview and Level Annotations

Branches:
Dungeon (2/15)

Altars:

Annotations:
D:2 Robin


Innate Abilities, Weirdness & Mutations

((You are very nimble when in or above water. (Stealth+, EV+, Speed+++)))
Your lower body shifts to a powerful aquatic tail in water.


Message History

A goblin comes into view. It is wielding a +0 club.
Found three stone staircases leading down and a stone staircase leading up.
There is a stone staircase leading up here.
Unknown command.
You closely miss the adder.
The goblin shouts! x2; You hear a shout! x3; The frilled lizard hisses angrily.
The adder bites you.
You are poisoned.
The adder poisons you!
Robin of the Strong Arm comes into view.
They are wielding a +0 short sword.
A hobgoblin comes into view.
The goblin shouts!
The goblin shouts!
The hobgoblin shouts!
You hit the adder.
The adder is moderately wounded.
You feel sick. The adder bites you.
You are more poisoned.
The adder poisons you!
A ball python comes into view.
Robin says, "Bow before me, strongest of all the hobgoblins!"
Robin throws the goblin at you! The adder bites you.
You are more poisoned.
The adder poisons you!
A goblin comes into view. It is wielding a +0 club.
A hobgoblin comes into view.
The goblin misses you.
A goblin comes into view. It is wielding a +0 dagger of venom.
You feel very sick. The adder bites you but does no damage.
The goblin hits you with a +0 club. The goblin hits you but does no damage.
Robin throws the goblin at you!
The goblin hits you with a +0 dagger of venom.
You are more poisoned.
You climb upwards.
* * * LOW HITPOINT WARNING * * *
You feel extremely sick.
There is a stone staircase leading down here.
It was a potion of degeneration.
There was something very wrong with that liquid.
You feel weakened.
You feel dopey.
You feel clumsy.
You die...

#####>###.#.#######.#.......#
.....#.....).........######.#####
#####.#.........#.....##.........
# ###.#..........>.........#### #
#.###..####.....#####..# ♣♣ #
##.###..# #....## #..# ♣~
######...##..# #.#.## #..# ♣♣
.............####g...######..# ♣.
.#####...##....S@g.........♣♣♣♣♣~
.# ##.###.######...####.#♣♣.~♣.
.### ###################...~~~.~
...# #..............#.####♣P♣PP~
.#.## #..............##.# #♣♣♣♣♣♣
#...###..............#.## #..♣ ♣P
......#..######.###..#.## #..# ♣♣
#...###..# #.# #..#..###..# ♣
##.## #..# ###.###..##......##♣♣


You could see an adder and 2 goblins.

Vanquished Creatures
  An adder (D:2)
  A worm (D:2)
  A dart slug (D:1)
  3 endoplasms (D:1)
  A giant cockroach (D:1)
  4 goblins (D:1)
  5 jackals (D:2)
  A kobold (D:2)
  2 quokkas
  5 ball pythons
  5 bats (D:1)
  A frilled lizard (D:2)
  3 rats (D:1)
33 creatures vanquished.

Notes
Turn   | Place    | Note
-------+----------+-------------------------------------------
     0 | D:1      | hikkokomori the Merfolk Gladiator began the quest for the
                  | Orb.
     0 | D:1      | Reached XP level 1. HP: 16/16 MP: 1/1
    65 | D:1      | Reached XP level 2. HP: 23/23 MP: 2/2
   720 | D:2      | Reached XP level 3. HP: 27/28 MP: 3/3
  1111 | D:2      | Noticed Robin
  1114 | D:1      | HP: 1/28 [poisoned by a goblin]
  1115 | D:1      | Succumbed to a goblin's poison

Illustrated notes

Levels and vault maps discovered:
D:1:      dpeg_arrival_boxes_within_box, layout_loops_ring,
          serial_bayou_crossing
D:2:      layout_rooms, uniq_robin

Skill      XL: |  1  2 |
---------------+-------+-----
Long Blades    | 4 |  4.2
Fighting       | |  2.8
Throwing       | |  2.6
Dodging        | |  4.6

Action                     || total
---------------------------++-------
  Melee: Long sword        ||    87
         Punch             ||     3
  Throw: Throwing net      ||     1
    Use: Potion            ||     1
   Stab: Sleeping          ||     1
 Armour: Leather armour    ||    30
  Dodge: Dodged            ||    91

Table legend: (Time is in decaauts)
 A = Elapsed time spent in this place.
 B = Non-inter-level travel time spent in this place.
 C = Inter-level travel time spent in this place.
 D = Time resting spent in this place.
 E = Time spent auto-exploring this place.
 F = Levels seen in this place.
 G = Mean time per level.
                   A        B        C        D        E       F      G
               +--------+--------+--------+--------+--------+-----+--------+
         Total |   1126 |   1066 |     60 |    187 |    620 |   2 |  563.0 |
       Dungeon |   1126 |   1066 |     60 |    187 |    620 |   2 |  563.0 |
               +--------+--------+--------+--------+--------+-----+--------+

Top non-repeatable levels by time:
     D:1: 970 daAuts
     D:2: 155 daAuts
